 Dungeon Crawl Stone Soup version 0.19-a0-1182-g094b998 (webtiles) character file.

193 GlassEater the Sneak (level 6, -1/35 HPs)
             Began as a Kobold Assassin on Aug 18, 2016.
             Killed from afar by an orc wizard (11 damage)
             ... with a puff of frost
             ... on level 4 of the Dungeon.
             The game lasted 00:05:58 (2822 turns).

GlassEater the Sneak (Kobold Assassin)              Turns: 2822, Time: 00:05:58

Health: -1/35      AC:  3    Str: 10    XL:     6   Next: 3%
Magic:  6/6        EV: 18    Int: 13    God:
Gold:   91         SH:  0    Dex: 19    Spells: 0 memorised, 5 levels left

rFire  . . .     SeeInvis .     a - +2 dagger
rCold  . . .     Gourm    .     c - +0 robe
rNeg   . . .     Faith    .     (shield restricted)
rPois  .         Spirit   .     (no helmet)
rElec  .         Dismiss  .     d - +0 cloak
rCorr  .         Reflect  .     (no gloves)
MR     .....     Harm     .     (no boots)
Stlth  ++++......               (no amulet)
                                (no ring)
                                p - +4 ring of intelligence

@: no status effects
A: carnivore 3
a: no special abilities


You were on level 4 of the Dungeon.
You were very full.

You visited 1 branch of the dungeon, and saw 4 of its levels.

You collected 91 gold pieces.

Inventory:

Hand Weapons
 a - a +2 dagger (weapon)
 b - a +0 blowgun
Missiles
 e - 8 poisoned needles
 f - 2 curare-tipped needles
 r - 110 stones
 s - 3 tomahawks (quivered)
Armour
 c - a +0 robe (worn)
 d - a +0 cloak (worn)
 k - a +0 shield
Jewellery
 p - a +4 ring of intelligence (left hand)
Scrolls
 i - 4 scrolls of remove curse {unknown}
 m - 5 scrolls of identify {unknown}
 o - a scroll of recharging {unknown}
Potions
 h - a potion of mutation {unknown}
 l - 2 potions of curing
 n - 2 potions of heal wounds {unknown}
 q - a potion of magic {unknown}
 t - a potion of invisibility {unknown}
Comestibles
 g - 3 meat rations
 u - a royal jelly


   Skills:
 - Level 2.1 Fighting
 - Level 2.6 Short Blades
 - Level 2.1 Throwing
 + Level 4.7 Dodging
 + Level 7.6 Stealth


You had 5 spell levels left.
You didn't know any spells.

Dungeon Overview and Level Annotations

Branches:
Dungeon (4/15)
 Temple: D:4-7

Altars:


Innate Abilities, Weirdness & Mutations

You are small and have problems with some larger weapons.
You are carnivorous and can eat meat at any time.


Message History

The orc wizard gestures at you while chanting.
The puff of frost hits you!
* * * LOW HITPOINT WARNING * * *
You barely miss the orc wizard.
The orc wizard is moderately wounded.
The orc wizard closely misses you.
A giant cockroach comes into view.
It was a potion of curing.
You feel better. The orc wizard closely misses you. The orc wizard misses you.
You hit the orc wizard.
The orc wizard is moderately wounded.
The orc wizard closely misses you.
You hit the orc wizard.
The orc wizard is heavily wounded.
The orc wizard hits you but does no damage.
You completely miss the orc wizard.
The orc wizard is heavily wounded.
The orc wizard gestures at you while chanting.
The puff of frost hits you!
You die...

#.#.. #.. ..#...$#. #...#
#...# ####.#..)... ....##
#.o...#<.#......# ##...#
.......).#......##
....#######..o..o.(........
.........###o######o#.#.##
#[.......# # #)#
#........##########.##
#...............@ows(#
.##################..# .#
...# .# ##.# ## .. ... ####


You could see a worm, an orc wizard and a giant cockroach.

Vanquished Creatures
  An ogre (D:4)
  3 adders
  An ooze (D:3)
  2 dart slugs
  2 giant geckos
  An orc (D:4)
  7 bats
  3 giant cockroaches
  5 goblins
  10 hobgoblins
  8 jackals
  2 quokkas (D:3)
  5 giant newts
  9 kobolds
  10 rats
69 creatures vanquished.

Notes
Turn   | Place    | Note
-------+----------+-------------------------------------------
     0 | D:1      | GlassEater the Kobold Assassin began the quest for the Orb.
     0 | D:1      | Reached XP level 1. HP: 12/12 MP: 1/1
   232 | D:1      | Reached XP level 2. HP: 17/17 MP: 2/2
   543 | D:1      | Reached XP level 3. HP: 20/21 MP: 3/3
  1074 | D:2      | Reached skill level 6 in Stealth
  1353 | D:2      | Reached XP level 4. HP: 26/26 MP: 4/4
  2272 | D:3      | Reached XP level 5. HP: 30/30 MP: 5/5
  2570 | D:3      | Reached skill level 7 in Stealth
  2791 | D:4      | Noticed an ogre
  2794 | D:4      | Killed an ogre
  2794 | D:4      | Reached XP level 6. HP: 35/35 MP: 6/6
  2822 | D:4      | Killed from afar by an orc wizard

Vault maps used:
D:1:      dpeg_arrival_pits
D:3:      nicolae_overflow_hidden_temple
D:4:      kennysheep_mini_moat, first_bread, grunt_ministairs_11,
          minmay_bisected

Skill      XL: |  1  2  3  4  5 |
---------------+----------------+-----
Dodging        | 2 3 4 |  4.7
Stealth        | 6 7 |  7.6
Fighting       | |  2.1
Short Blades   | |  2.6
Throwing       | |  2.1

Action                   |  1- 3 |  4- 6 || total
-------------------------+-------+-------++-------
Melee: Dagger            |   105 |   107 ||   212
Throw: Tomahawk          |       |     4 ||     4
  Use: Potion            |       |     1 ||     1
 Stab: Sleeping          |    11 |    11 ||    22
       Distracted        |     1 |       ||     1
  Eat: Chunk             |    10 |     4 ||    14
Armor: Robe              |    22 |    20 ||    42
Dodge: Dodged            |    80 |   105 ||   185
Block: Shield            |     8 |       ||     8
